Mourne, chaotic male orcish Priest ----- |..<| |...| |...| |...| ------ |...| |`.... --------+- --|-- -.....`...... .........| ## | ----- |@@.......o#### # ......[..| # ## |........| ###-----.- |........| #-.....| |........| |.....| ---------- |^....| I |..)..| |.>...| ------- Mourne the Acolyte Experience level: 5 Strength: 9 Dexterity: 16 Constitution: 14 Intelligence: 13 Wisdom: 15 Charisma: 11 Health: 0(40) Energy: 54(54) Def: 2 Gold: 16 Moves: 1639 Dungeon seed: Y3C-s_NEx1iOMd6k Game ID: Mourne_1520702688 Your Inventory: Coins $ - 16 gold pieces Weapons a - a blessed +1 mace (weapon in hand) Armor e - an uncursed +0 robe (being worn) n - an uncursed +0 orcish shield Comestibles c - an uncursed clove of garlic d - an uncursed sprig of wolfsbane i - an uncursed egg p - an uncursed pancake L - 2 uncursed food rations Scrolls m - an uncursed scroll of identify v - a blessed scroll of teleportation x - an uncursed scroll of scare monster Spellbooks f - a blessed spellbook of extra healing s - an uncursed spellbook of restore ability t - an uncursed spellbook of charm monster Potions b - 5 potions of holy water k - a potion of unholy water Rings j - an uncursed ring of sustain ability Wands o - an uncursed wand of speed monster (0:6) q - an uncursed wand of striking (0:0) Tools h - an uncursed oil lamp (0:1123) Spells and supernatural/magical abilities: Name Level Category Fail Memory I - identify 2 divination 56% 100% W - pray for help -- divine ? -- X - turn undead -- divine ? -- Your skills at the end: Fighting Skills wands [Basic] Weapon Skills mace [Basic] Spellcasting Skills clerical spells [Basic] Final Attributes: You were immune to poison. You were stunned. You had infravision. You regenerated. You are dead. Vanquished creatures: a giant mimic a large mimic 2 small mimics 2 giant ants a kobold lord a giant bat 2 acid blobs a coyote a hobbit 2 manes 2 giant rats a yellow mold a gnome zombie 2 geckos 5 jackals 2 foxes 5 sewer rats a grid bug 2 lichens 4 newts 39 creatures vanquished. Voluntary challenges: You were an atheist. You used a wielded weapon 42 times, starting on turn 41. You read items or engraved 7 times, starting on turn 1111. You never genocided any monsters. You never polymorphed an object. You never changed form. You used no wishes. You never split a pudding. You never wrote Elbereth's name. You never violated your personal moral code. Dungeon overview: The Dungeons of Doom: levels 1 to 6 Level 1 some fountains a long staircase Level 2 a fountain, a sink a long staircase Level 3 a fountain, a vault Level 4 Level 5 a general store, a fountain Level 6 <- You were here History has recorded: On T:1 you entered the Dungeons of Doom to retrieve the Amulet of Yendor! On T:201 you reached level 2 of The Dungeons of Doom. On T:346 you reached level 3 of The Dungeons of Doom. On T:586 you reached level 4 of The Dungeons of Doom. On T:903 you advanced to experience level 2. On T:1105 you reached level 5 of The Dungeons of Doom. On T:1201 you advanced to experience level 3. On T:1220 you advanced to experience level 4. On T:1221 you advanced to experience level 5. On T:1525 you reached level 6 of The Dungeons of Doom. Score breakdown: Gold: 16 ( 4185 points) Experience: 5 levels (11141 points) Exploration: 6 levels ( 11.32%) ( 9302 points) Discoveries: 19 items ( 6.57%) ( 7692 points) Valuables value: (no points given unless you survive) Artifact value: 0 ( 0 points) Variety of kills: 20 monsters ( 5.26%) ( 6882 points) Turncount: 1639 turns ( 0 points) Survival: died (score multiplied by 80%) Total score: 31361 Latest messages: You attack thin air. The werejackal hits! Sparks fly as you whack the wall. The werejackal changes into a jackal. The werejackal hits! You attack thin air. The werejackal bites! The werejackal changes into a human. You attack thin air. The werejackal hits! Sparks fly as you whack the wall. Your mace vibrates violently! The werejackal hits! Sparks fly as you whack the wall. The werejackal hits! You hit the werejackal. The werejackal hits! Sparks fly as you whack the wall. Your mace vibrates violently! The werejackal hits! (3x) You die... For some reason, you think that you can almost hear the Wizard laugh manically... Final status: Goodbye Mourne the Priest, killed by a werejackal... You died in The Dungeons of Doom on dungeon level 6 with 31361 points, and 16 pieces of gold, after 1639 moves. You were level 5 with a maximum of 40 hit points when you died.